Map: Alcyone LE

Players

IlIlIIlI - Winner!

  • Race: Protoss Protoss
  • League: Diamond
  • Spawn Location: 1:00

StarBoy

  • Race: Terran Terran
  • League: Diamond
  • Spawn Location: 7:00

VOD

Have the link to the VOD?

Description

Time

  • Played on: Aug. 17, 2024, 1:30 a.m.
  • Length: 14:45
Show
View Real Time Build Order
Export as new Build Order

IlIlIIlI Protoss - Winner!

Build Orders: Oracle Opening 

Get SALT Encoding   

  12  0:02  Probe  
  13  0:14  Probe  
  13  0:18  Pylon  
  14  0:26  Probe  
  15  0:36  Gateway  
  15  0:39  Probe (Chrono Boost)  
  16  0:45  Assimilator  
  17  0:51  Probe (Chrono Boost)  
  17  0:57  Probe (Chrono Boost)  
  18  1:05  Probe  
  19  1:18  Probe  
  20  1:24  Cybernetics Core  
  20  1:25  Zealot  
  22  1:30  Probe  
  22  1:32  Pylon  
  23  1:36  Assimilator  
  23  1:50  Probe  
  24  2:02  Stalker (Chrono Boost)  
  24  2:04  Probe  
  27  2:15  Nexus  
  27  2:24  Probe  
  27  2:25  Stalker (Chrono Boost)  
  30  2:38  Probe  
  30  2:40  Pylon  
  31  3:00  Probe  
  32  3:06  Stalker (Chrono Boost)  
  32  3:07  Stargate  
  32  3:12  Probe  
  33  3:24  Probe  
  34  3:34  Probe  
  35  3:36  Probe  
  36  3:46  Probe  
  37  3:49  Stalker, Probe  
  40  3:58  Oracle (Chrono Boost), Pylon, Probe  
  40  3:59  Warp Gate  
  40  4:01  Probe  
  45  4:10  Probe  
  45  4:12  Assimilator, Robotics Facility  
  45  4:13  Probe  
  47  4:22  Probe  
  48  4:25  Probe  
  49  4:34  Probe (Chrono Boost)  
  49  4:37  Phoenix  
  53  4:42  Pylon, Probe (Chrono Boost)  
  54  4:45  Stalker  
  54  4:46  Probe (Chrono Boost)  
  54  4:51  Probe x2 (Chrono Boost)  
  58  5:00  Probe  
  58  5:01  Probe  
  58  5:04  Phoenix  
  62  5:12  Probe, Immortal (Chrono Boost)  
  62  5:13  Probe  
  64  5:16  Assimilator  
  64  5:18  Pylon  
  68  5:24  Robotics Bay  
  68  5:25  Probe x2  
  70  5:35  Nexus, Pylon  
  70  5:41  Immortal (Chrono Boost)  
  70  5:44  Phoenix  
  76  5:59  Pylon  
  76  6:09  Probe  
  76  6:10  Colossus (Chrono Boost)  
  76  6:11  Phoenix  
  84  6:20  Pylon  
  84  6:23  Pylon  
  84  6:41  Extended Thermal Lance (Chrono Boost), Phoenix  
  84  6:44  Probe x2  
  88  6:47  Pylon  
  88  6:49  Forge  
  88  6:51  Twilight Council  
  88  6:53  Gateway  
  88  6:54  Gateway  
  88  6:55  Probe  
  88  6:56  Probe x2, Zealot  
  88  7:00  Gateway  
  93  7:03  Colossus  
  93  7:07  Probe  
  93  7:08  Probe  
  101  7:14  Probe  
  102  7:15  Protoss Ground Weapons Level 1 (Chrono Boost)  
  102  7:16  Gateway  
  102  7:19  Probe  
  102  7:20  Probe  
  102  7:22  Charge (Chrono Boost)  
  104  7:25  Forge  
  104  7:26  Probe  
  104  7:29  Zealot  
  107  7:31  Probe  
  107  7:32  Probe  
  107  7:36  Gateway x2  
  109  7:38  Probe  
  109  7:40  Phoenix  
  112  7:47  Probe  
  112  7:48  Probe  
  112  7:50  Probe  
  115  7:59  Probe  
  115  8:00  Zealot x4  
  115  8:05  Colossus  
  130  8:07  Protoss Ground Armor Level 1 (Chrono Boost)  
  130  8:13  Zealot  
  116  8:55  Protoss Ground Weapons Level 2 (Chrono Boost)  
  116  8:58  Assimilator  
  116  8:59  Assimilator  
  116  9:16  Zealot  
  116  9:17  Zealot x5  
  120  9:18  Zealot  
  130  9:27  Shield Battery  
  130  9:30  Photon Cannon  
  130  9:32  Blink (Chrono Boost)  
  130  9:36  Photon Cannon  
  130  9:39  Robotics Facility, Zealot  
  130  9:41  Photon Cannon, Templar Archives  
  130  9:45  Pylon  
  132  9:47  Nexus  
  132  9:49  Pylon  
  132  9:52  Pylon  
  132  10:07  Protoss Ground Armor Level 2 (Chrono Boost), Zealot x3  
  132  10:08  Zealot x3  
  132  10:09  Zealot  
  146  10:16  Shield Battery  
  146  10:19  Photon Cannon  
  146  10:24  Gateway  
  146  10:26  Gateway  
Show
View Real Time Build Order
Export as new Build Order

StarBoy Terran 

Build Orders: Reaper Expand 

Get SALT Encoding   

  12  0:00  SCV  
  13  0:12  SCV  
  14  0:17  Supply Depot  
  14  0:24  SCV  
  15  0:39  SCV  
  15  0:40  Barracks  
  16  0:44  Refinery  
  16  0:51  SCV  
  17  0:59  Supply Depot  
  17  1:03  SCV  
  18  1:15  SCV  
  19  1:31  Orbital Command  
  19  1:32  Reaper  
  20  1:51  Command Center  
  20  1:57  SCV  
  21  2:04  Barracks  
  21  2:16  SCV  
  21  2:18  Barracks Reactor  
  22  2:26  Refinery  
  22  2:28  SCV  
  23  2:40  SCV  
  22  2:55  Marine x2  
  25  3:04  Orbital Command  
  25  3:07  Marine  
  25  3:23  Bunker, Marine  
  25  3:25  Marine  
  28  3:27  SCV, Factory  
  25  3:41  Marine  
  24  3:43  Marine  
  25  3:49  SCV  
  25  3:50  SCV  
  27  3:57  Supply Depot  
  27  3:58  Marine  
  27  4:01  Marine, SCV  
  30  4:07  SCV  
  31  4:11  Factory Tech Lab  
  31  4:12  Supply Depot, Starport  
  31  4:13  SCV  
  33  4:19  SCV  
  33  4:27  Barracks Tech Lab  
  33  4:29  SCV  
  34  4:31  Barracks Reactor  
  34  4:35  Siege Tank  
  34  4:37  SCV  
  38  4:41  SCV  
  38  4:44  Command Center  
  39  4:46  Stimpack  
  39  4:47  Marine  
  39  4:50  SCV  
  39  4:51  Liberator  
  44  4:58  SCV  
  44  4:59  Supply Depot  
  44  5:02  SCV  
  44  5:18  Engineering Bay  
  44  5:23  SCV  
  44  5:28  Marine x3  
  47  5:30  SCV  
  48  5:45  Siege Tank, Medivac  
  51  5:55  Missile Turret  
  51  5:57  Marine x3  
  51  6:01  Terran Infantry Weapons Level 1  
  51  6:03  Orbital Command  
  51  6:14  Marine  
  51  6:15  Marine x2  
  51  6:16  Starport Reactor  
  54  6:32  Marine x2  
  54  6:33  Marine  
  54  6:39  Siege Tank  
  60  6:46  SCV  
  60  6:47  SCV  
  62  6:50  Marine x3  
  62  6:53  Combat Shield  
  65  6:59  SCV x2  
  67  7:01  Missile Turret  
  67  7:02  Refinery  
  67  7:04  Supply Depot x2  
  67  7:06  Medivac  
  67  7:08  Marine  
  70  7:15  Marine  
  70  7:21  Supply Depot  
  70  7:22  Supply Depot  
  70  7:26  Marine, SCV x2  
  73  7:38  SCV x2  
  73  7:39  Barracks  
  73  7:40  Barracks x2  
  75  7:50  SCV  
  75  7:55  SCV, Terran Infantry Armor Level 1  
  75  7:58  Siege Tank, Medivac  
  77  8:03  Marine x2  
  79  8:10  Marine  
  78  8:17  SCV x2  
  79  8:20  Marine  
  51  8:29  SCV  
Tags
 
Add a new tag
Caveats
  • Supply blocks, unpowered buildings, or Contaminate may cause inaccurate times.
  • Supply counts are checked every 10 seconds.